Map: Acropolis LE

Players

Denver - Winner!

  • Race: Zerg Zerg
  • Spawn Location: 5:00

Lillekanin

  • Race: Terran Terran
  • Spawn Location: 11:00

Event: 2019 WCS Summer

VOD

Have the link to the VOD?

Description

Time

  • Played on: July 12, 2019, 6:11 a.m.
  • Length: 11:26

All games in this series

Show
View Real Time Build Order
Export as new Build Order

Denver Zerg - Winner!

Build Orders: Hatch First, Muta Ling Bane 

Get SALT Encoding   

  12  0:00  Drone  
  13  0:12  Overlord  
  13  0:16  Drone  
  14  0:30  Drone x2  
  16  0:48  Hatchery  
  15  0:51  Drone  
  15  0:54  Drone  
  17  0:59  Drone  
  18  1:08  Extractor  
  17  1:14  Spawning Pool  
  17  1:16  Drone  
  17  1:20  Drone  
  18  1:28  Drone  
  19  1:39  Drone  
  20  1:49  Drone  
  21  2:01  Queen x2  
  21  2:02  Zergling x4  
  27  2:11  Overlord  
  27  2:12  Drone  
  27  2:13  Metabolic Boost  
  28  2:29  Hatchery  
  27  2:30  Drone  
  27  2:33  Drone  
  27  2:35  Drone  
  30  2:39  Drone  
  31  2:44  Overlord  
  31  2:49  Queen  
  33  2:54  Drone  
  34  2:58  Overlord  
  34  3:01  Drone  
  35  3:07  Queen  
  38  3:12  Drone  
  38  3:13  Drone x2  
  38  3:15  Drone  
  38  3:19  Drone x2  
  43  3:21  Drone  
  44  3:27  Queen  
  44  3:29  Drone  
  44  3:31  Drone  
  47  3:42  Drone x6  
  47  3:46  Queen  
  54  3:50  Overlord  
  54  3:58  Overlord  
  54  4:00  Queen  
  56  4:03  Lair  
  56  4:06  Drone  
  56  4:07  Drone  
  58  4:14  Drone x6  
  64  4:17  Overlord  
  64  4:19  Overlord  
  64  4:28  Zergling x4  
  64  4:30  Evolution Chamber  
  65  4:31  Overlord  
  65  4:32  Evolution Chamber  
  65  4:34  Extractor, Overlord  
  65  4:36  Zergling x8  
  67  4:42  Zergling x8  
  71  4:46  Queen  
  71  4:49  Zergling x2  
  71  4:50  Zergling x6  
  71  4:52  Drone  
  78  4:58  Zerg Ground Armor Level 1  
  78  4:59  Drone x4  
  80  5:02  Drone  
  80  5:06  Drone x2  
  82  5:09  Drone  
  82  5:12  Zerg Melee Weapons Level 1  
  83  5:17  Drone x7  
  83  5:19  Overlord  
  90  5:23  Overlord  
  86  5:29  Extractor, Spore Crawler x2  
  86  5:30  Drone, Extractor  
  86  5:33  Drone x4, Overseer  
  87  5:36  Extractor  
  86  5:43  Roach Warren  
  86  5:46  Drone x5  
  86  5:48  Extractor  
  89  5:51  Spore Crawler  
  89  5:52  Extractor  
  88  5:58  Hatchery  
  88  6:02  Drone x5  
  92  6:06  Drone x5  
  92  6:08  Overlord  
  97  6:11  Queen  
  97  6:15  Drone  
  97  6:16  Infestation Pit, Overlord  
  95  6:39  Hatchery  
  94  6:41  Overlord  
  94  6:43  Queen x2  
  94  6:46  Drone  
  94  6:47  Drone x15  
  114  6:58  Neural Parasite  
  113  7:06  Zergling x6  
  115  7:09  Queen, Overlord  
  115  7:11  Zerg Ground Armor Level 2  
  115  7:12  Zerg Melee Weapons Level 2  
  116  7:17  Spire  
  116  7:18  Extractor x2  
  116  7:19  Burrow  
  113  7:23  Drone  
  113  7:27  Hatchery  
  113  7:30  Baneling Nest  
  113  7:33  Hatchery  
  111  7:42  Overlord  
  111  7:45  Overlord  
  108  8:07  Drone x4  
  108  8:09  Overlord  
  108  8:12  Zergling x34  
  129  8:14  Centrifical Hooks  
  129  8:20  Overlord x2  
  129  8:32  Mutalisk x12  
  152  8:37  Hatchery  
  152  8:40  Hive  
  152  8:41  Zergling x12  
  157  8:42  Zergling x2  
  158  8:48  Mutalisk  
  158  8:49  Mutalisk x2, Zerg Flyer Weapons Level 1  
  163  8:56  Zergling x14  
  163  8:58  Overlord  
  163  9:01  Baneling x8  
  170  9:14  Zergling x24  
  182  9:17  Overlord  
  182  9:19  Mutalisk x3  
  182  9:22  Overlord  
  188  9:29  Infestor, Overlord  
  188  9:32  Mutalisk x4  
  188  9:33  Mutalisk  
  194  9:48  Mutalisk x3  
  194  9:50  Zergling x2  
  194  9:51  Zergling x2  
  200  10:01  Baneling x15  
  200  10:16  Baneling x3  
  200  10:17  Baneling  
  200  10:18  Baneling  
  200  10:19  Hatchery  
  197  10:29  Hatchery  
  194  10:48  Zergling x16  
  200  10:54  Zergling x10  
  200  10:55  Zergling x4  
  198  11:01  Zergling x48  
Show
View Real Time Build Order
Export as new Build Order

Lillekanin Terran 

Build Orders: Gas First Reaper Expand, Mech 

Get SALT Encoding   

  12  0:00  SCV  
  13  0:13  SCV  
  14  0:17  Supply Depot  
  14  0:25  SCV  
  15  0:29  Refinery  
  15  0:39  SCV  
  16  0:45  Barracks  
  16  0:51  SCV  
  17  1:03  SCV  
  18  1:15  SCV  
  19  1:33  Orbital Command, Reaper  
  20  1:45  Command Center  
  20  1:56  Factory  
  20  2:00  SCV  
  21  2:07  Barracks Reactor  
  21  2:12  SCV  
  22  2:16  Supply Depot  
  22  2:23  Refinery  
  22  2:24  SCV  
  23  2:37  SCV  
  24  2:47  Starport  
  24  2:48  Marine x2  
  24  2:49  SCV  
  27  2:59  Orbital Command  
  27  3:01  SCV  
  28  3:06  Factory Tech Lab, Marine x2  
  30  3:14  SCV  
  31  3:25  SCV  
  31  3:26  SCV  
  33  3:32  Marine x2  
  33  3:33  Fusion Core  
  35  3:37  SCV  
  35  3:38  SCV  
  36  3:47  Medivac  
  38  3:49  SCV  
  38  3:50  Marine, SCV  
  41  3:55  Supply Depot  
  41  3:57  Marine  
  41  4:01  SCV  
  41  4:02  SCV  
  44  4:08  Marine  
  44  4:09  Supply Depot  
  45  4:13  SCV  
  46  4:17  Siege Tank, SCV  
  50  4:25  SCV  
  50  4:29  SCV  
  50  4:31  Command Center  
  52  4:35  Supply Depot  
  52  4:37  SCV  
  53  4:41  SCV  
  54  4:49  SCV  
  55  4:53  SCV  
  56  5:00  Battlecruiser  
  56  5:02  Refinery  
  56  5:04  Refinery  
  56  5:05  SCV x2  
  64  5:08  Hellion x2  
  64  5:10  Supply Depot  
  64  5:11  Supply Depot  
  68  5:17  SCV  
  68  5:18  SCV  
  70  5:32  SCV x2  
  70  5:35  Supply Depot  
  72  5:36  Factory  
  72  5:37  Factory  
  72  5:42  Supply Depot  
  72  5:44  Orbital Command, SCV x2  
  74  5:56  SCV x2  
  75  5:59  Factory  
  75  6:00  Factory  
  75  6:05  Armory  
  75  6:08  SCV x2  
  77  6:15  SCV  
  78  6:20  SCV  
  76  6:28  Hellion x2  
  76  6:30  Battlecruiser  
  79  6:33  Orbital Command  
  79  6:39  Factory Tech Lab x2  
  79  6:42  SCV  
  79  6:43  Engineering Bay, SCV  
  79  6:45  Factory Tech Lab x2  
  81  6:49  Hellion x2  
  81  6:54  SCV  
  86  6:55  SCV  
  87  7:04  SCV, Supply Depot  
  87  7:06  SCV  
  87  7:08  SCV  
  90  7:11  Hellion x2  
  90  7:13  Hellion x2  
  98  7:16  SCV  
  98  7:18  SCV  
  98  7:19  Mag-Field Accelerator  
  98  7:20  Cyclone x2  
  98  7:21  SCV  
  107  7:26  Refinery  
  107  7:27  Refinery  
  107  7:28  SCV  
  108  7:30  SCV  
  108  7:34  Cyclone  
  108  7:36  Supply Depot x2  
  112  7:37  SCV  
  112  7:40  SCV  
  114  7:47  Terran Vehicle Weapons Level 1, Missile Turret x3  
  114  7:48  SCV  
  114  7:49  Armory  
  115  7:52  Cyclone  
  115  7:54  Hellion x2  
  115  7:57  Cyclone  
  119  8:01  Hellion  
  121  8:05  SCV  
  121  8:06  SCV, Hellion  
  121  8:11  Supply Depot  
  125  8:18  Battlecruiser  
  131  8:22  Hellion  
  131  8:23  SCV, Hellion  
  136  8:30  Hellion  
  136  8:34  Hellion x2  
  142  8:35  Command Center  
  142  8:36  Hellion  
  142  8:40  Terran Vehicle And Ship Armor Level 1  
  144  8:46  Hellion x2  
  148  9:06  Supply Depot  
  148  9:09  Supply Depot  
  148  9:11  Supply Depot x2  
  148  9:14  Starport  
  148  9:24  Starport  
  148  9:27  SCV  
  148  9:28  Siege Tank  
  148  9:30  Thor  
  158  9:32  Thor  
  158  9:36  Hellion x2  
  167  9:40  Cyclone  
  160  9:52  Missile Turret  
  159  9:53  Infernal Pre-Igniter  
  159  9:54  Missile Turret  
  159  9:57  Starport Reactor  
  159  10:00  Cyclone  
  159  10:01  Missile Turret x2  
  159  10:04  Starport Reactor  
  162  10:13  Missile Turret  
  162  10:14  Missile Turret  
  162  10:21  Missile Turret  
  162  10:22  Missile Turret  
  159  10:31  Thor x2  
  168  10:41  Missile Turret  
  168  10:52  Factory Tech Lab  
  168  10:53  Starport Reactor  
Tags
 
Add a new tag
Caveats
  • Supply blocks, unpowered buildings, or Contaminate may cause inaccurate times.
  • Supply counts are checked every 10 seconds.